 Dungeon Sprint DCSS version 0.30-a0-534-gdc55766716 (webtiles) character file.

Game seed: 4700576103908361563

162 rocky1 the Poker (level 5, -16/42 HPs)
             Began as a Demonspawn Gladiator on Dec 25, 2022.
             Demolished by a shadow (33 damage)
             ... in the Dungeon (Sprint III: "The Ten Rune Challenge").
             The game lasted 00:01:16 (447 turns).

rocky1 the Poker (Demonspawn Gladiator)              Turns: 447, Time: 00:01:17

Health: -16/42     AC:  3    Str: 16    XL:     5   Next: 19%
Magic:  5/5        EV: 14    Int: 10    God:
Gold:   26         SH:  0    Dex: 14    Spells: 4/4 levels left

rFire   . . .      SeeInvis .    a - +0 trident
rCold   . . .      Faith    .    (no shield)
rNeg    . . .      Spirit   .    b - +0 leather armour
rPois   .          Reflect  .    (helmet restricted)
rElec   .          Harm     .    (no cloak)
rCorr   .          Rampage  .    (no gloves)
Will    .....      NoTele   +    (no boots)
Stlth   ++                       (no amulet)
HPRegen 0.27/turn                (no ring)
MPRegen 0.09/turn                (no ring)

@: no status effects
A: antennae 1, weakness stinger 2, demonic touch 1
a: no special abilities


You were in the Dungeon.
You visited 1 branch You collected 26 gold pieces.

Inventory:

Hand Weapons
 a - a +0 trident (weapon)
Missiles
 d - a throwing net (quivered)
 e - a javelin
Armour
 b - a +0 leather armour (worn)
 c - a +0 helmet
Scrolls
 k - a scroll of blinking
 l - 3 scrolls of torment {unknown}
 m - a scroll of identify {unknown}
 o - a scroll of amnesia {unknown}
Potions
 f - 2 potions of curing
 g - a potion of heal wounds
 h - a potion of haste
 i - 2 potions of magic
 j - a potion of berserk rage
 n - a potion of resistance {unknown}
 p - a potion of lignification {unknown}
 q - 4 potions of mutation


   Skills:
 + Level 3.7 Fighting
 + Level 7.0 Polearms
 - Level 3.0 Throwing
 + Level 1.0 Armour
 + Level 5.6 Dodging
 + Level 3.0 Stealth


You had 4 spell levels left.
You didn't know any spells.
Your spell library was empty.

Dungeon Overview and Level Annotations

Branches:
Dungeon (1/1)

Altars:


Innate Abilities, Weirdness & Mutations

You have a pair of small antennae on your head.
You have a tail ending in a sharp stinger.
Your touch may inflict minor irresistible damage on your foes.


Message History

You barely miss the water elemental. You tail-slap the water elemental.
The water elemental is heavily damaged.
The water elemental barely misses you.
You hit the water elemental.
You touch the water elemental!
You destroy the water elemental!
Your Polearms skill increases to level 7!
Your Armour skill increases to level 1!
Your Stealth skill increases to level 3!
You have reached level 5!
Your demonic ancestry asserts itself...
Your tail grows a sharp stinger.
You start resting.
HP restored.
There is a fountain of clear blue water here.
As you open the door, it creaks loudly!
A jelly comes into view.
A shadow comes into view.
You reach to attack!
You hit the shadow but do no damage. You hit the shadow but do no damage.
Your tail-slap misses the shadow.
The jelly quivers.
The shadow slips into darkness.
The shadow flickers and vanishes!
Deactivating autopickup; reactivate with Ctrl-A.
You barely miss something. Your touch misses something.
The shadow strikes at you from the darkness!
Reactivating autopickup.
You hit the shadow but do no damage.
Your tail-slap misses the shadow.
You hit the shadow but do no damage.
You tail-slap the shadow, but do no damage.
You touch the shadow.
The shadow is moderately damaged.
The shadow hits you!
You hit the shadow.
The shadow is moderately damaged.
The shadow slips into darkness.
The shadow flickers and vanishes!
Deactivating autopickup; reactivate with Ctrl-A.
You hit something.
The shadow strikes at you from the darkness!
Ouch! That really hurt!
You die...

▓ ▓▓▓ ♣♣ ♣.# .♣
♣.# .♣ ♣.#
.♣♣♣♣.###+#+###+##
.♣.♣..#..........#
~.♣♣..'.⌠.......@#
~~~♣..#...######{#
~~....#.⌠.# .J#
~.....#...# ...#
......#+### #...#
......# #...+
......# +...#
▓▓▓▓▓▓▓ ▓▓▓▓▓


You could see a jelly.

Vanquished Creatures
  A scorpion (D)
  A water elemental (D)
  Jessica (D)
  A human (D)
  2 endoplasms (D)
  A rat (D)
7 creatures vanquished.

Notes
Turn   | Place    | Note
-------+----------+-------------------------------------------
     0 | D        | rocky1 the Demonspawn Gladiator began the quest for the
                  | Orb.
     0 | D        | Reached XP level 1. HP: 16/16 MP: 1/1
     5 | D        | Reached skill level 3 in Polearms
    15 | D        | Noticed Jessica
    21 | D        | Killed Jessica
    22 | D        | Reached skill level 4 in Polearms
    22 | D        | Discovered your monstrous ancestry.
    22 | D        | Gained mutation: Your touch may inflict minor irresistible
                  | damage on your foes. [demonic ancestry]
    22 | D        | Reached XP level 2. HP: 11/23 MP: 2/2
    22 | D        | Gained mutation: You have a pair of small antennae on your
                  | head. [demonic ancestry]
    22 | D        | Reached XP level 3. HP: 14/28 MP: 3/3
   114 | D        | Reached skill level 5 in Polearms
   114 | D        | Reached skill level 1 in Stealth
   218 | D        | Noticed a scorpion
   228 | D        | Killed a scorpion
   229 | D        | Reached skill level 6 in Polearms
   229 | D        | Reached skill level 5 in Dodging
   229 | D        | Gained mutation: You have a small tail. [demonic ancestry]
   229 | D        | Reached XP level 4. HP: 35/35 MP: 4/4
   373 | D        | Noticed a water elemental
   378 | D        | Killed a water elemental
   379 | D        | Reached skill level 7 in Polearms
   379 | D        | Reached skill level 1 in Armour
   379 | D        | Gained mutation: You have a tail ending in a sharp stinger.
                  | [demonic ancestry]
   379 | D        | Reached XP level 5. HP: 28/42 MP: 5/5
   440 | D        | Noticed a shadow
   447 | D        | Demolished by a shadow

Illustrated notes

Levels and vault maps discovered:
D:        dungeon_sprint_mu [sprint_mu_entry_forest, sprint_mu_temple_rooms,
          sprint_mu_d1_horrors, sprint_mu_d2_genie, sprint_mu_d3_branching,
          sprint_mu_orc_legion, sprint_mu_elf_gauntlet, sprint_mu_hive_nellie,
          sprint_mu_lair_fedhas, sprint_mu_vaults_butterflies,
          sprint_mu_slime_circle, sprint_mu_shoals_archi,
          sprint_mu_snake_twists, sprint_mu_blade_basic, sprint_mu_crypt_lich,
          sprint_mu_tomb_spiral, sprint_mu_vestibule_basic,
          sprint_mu_gehenna_hellfire, sprint_mu_dis_giant,
          sprint_mu_tartarus_statrot, sprint_mu_cocytus_islands, sprint_mu_zot1]

Skill      XL: |  1  2  3  4 |
---------------+-------------+-----
Polearms       | 4 6 7 |  7.0
Dodging        | 4 5 |  5.6
Throwing       | 2 3 |  3.0
Stealth        | 2 3 |  3.0
Fighting       | 3 |  3.7
Armour         | 1 |  1.0

Action                   |  1- 3 |  4- 6 || total
-------------------------+-------+-------++-------
Melee: Trident           |    24 |    11 ||    35
       Touch             |     4 |     2 ||     6
       Tailslap          |       |     2 ||     2
Throw: Throwing net      |     2 |       ||     2
 Stab: Sleeping          |     1 |     1 ||     2
       Held in net/web   |     2 |       ||     2
Armor: Leather armour    |     2 |       ||     2
Dodge: Dodged            |     8 |     1 ||     9

Table legend: (Time is in decaauts)
 A = Elapsed time spent in this place.
 B = Non-inter-level travel time spent in this place.
 C = Inter-level travel time spent in this place.
 D = Time resting spent in this place.
 E = Time spent auto-exploring this place.
 F = Levels seen in this place.
 G = Mean time per level.
                   A        B        C        D        E       F      G
               +--------+--------+--------+--------+--------+-----+--------+
         Total |    452 |    452 |      0 |    308 |      5 |   1 |  452.0 |
       Dungeon |    452 |    452 |      0 |    308 |      5 |   1 |  452.0 |
               +--------+--------+--------+--------+--------+-----+--------+

Top non-repeatable levels by time:
       D: 452 daAuts
